 Dungeon Crawl Stone Soup version 0.22-a0-414-gacd343e (webtiles) character file.

416 Mgcat the Caller (level 6, -3/41 HPs)
             Began as a Barachi Summoner on May 13, 2018.
             Killed from afar by an orc wizard (10 damage)
             ... with a magic dart
             ... on level 4 of the Dungeon.
             The game lasted 00:14:43 (4826 turns).

Mgcat the Caller (Barachi Summoner)                 Turns: 4826, Time: 00:14:43

Health: -3/41      AC:  2    Str:  9    XL:     6   Next: 92%
Magic:  7/14       EV: 12    Int: 17    God:
Gold:   211        SH:  3    Dex: 13    Spells: 9/15 levels left

rFire    . . .     SeeInvis +   m - +2 short sword (freeze)
rCold    . . .     Gourm    .   (no shield)
rNeg     . . .     Faith    .   a - +0 robe
rPois    .         Spirit   .   (no helmet)
rElec    .         Reflect  +   (no cloak)
rCorr    .         Harm     .   (no gloves)
MR       .....                  (no boots)
Stlth    ++........             b - +3 amulet of reflection
HPRegen  0.13/turn              o - ring of see invisible {sInv, !d}
MPRegen  0.14/turn              (no ring)

@: very slightly contaminated, slowed, very slow
A: +LOS, swims, slowness 1, strong legs 1
a: Hop


You were on level 4 of the Dungeon.
You were not hungry.

You visited 1 branch of the dungeon, and saw 4 of its levels.
You also visited: Sewer.

You collected 211 gold pieces.

Inventory:

Hand Weapons
 m - a +2 short sword of freezing (weapon)
   (You found it on level 2 of the Dungeon)
Missiles
 k - 75 stones (quivered)
Armour
 a - a +0 robe (worn)
 e - a +0 troll leather armour {Purgy}
   (You found it in a sewer)
 p - a +0 buckler
   (You found it on level 4 of the Dungeon)
Jewellery
 b - a +3 amulet of reflection (around neck)
   (You found it on level 1 of the Dungeon)
 o - a ring of see invisible (left hand) {sInv, !d}
   (You found it on level 3 of the Dungeon)
Wands
 n - a wand of digging (15)
   (You found it on level 3 of the Dungeon)
Scrolls
 h - 3 scrolls of teleportation
 i - 3 scrolls of identify
Potions
 f - 2 potions of heal wounds
 j - a potion of mutation {!q}
 l - 2 potions of agility {unknown}
Comestibles
 c - 7 rations


   Skills:
 - Level 2.1 Dodging
 - Level 1.7 Stealth
 + Level 5.3 Spellcasting
 + Level 7.6 Summonings


You had 9 spell levels left.
You knew the following spells:

 Your Spells              Type           Power        Failure   Level  Hunger
a - Summon Small Mammal   Summ           ####         1%          1    None
b - Call Imp              Summ           ####....     1%          2    #......
c - Call Canine Familiar  Summ           ####....     1%          3    ##.....

Your spell library contained the following spells:

 Spells                   Type           Power        Failure   Level  Hunger
 Summon Ice Beast         Ice/Summ       ###.....     28%         4    ####...
 Summon Lightning Spire   Summ/Air       ###.....     28%         4    ####...
 Summon Guardian Golem    Hex/Summ       ###.....     9%          3    ##.....


Dungeon Overview and Level Annotations

Branches:
Dungeon (4/15)
 Temple: D:4-7

Altars:
Fedhas
Kikubaaqudgha
Trog
Xom


Innate Abilities, Weirdness & Mutations

Shadows flee at your approach. (+LOS)
You can swim through water.
You cover ground slowly.
You can hop short distances.


Message History

The orc wizard barely misses you. The orc closely misses you.
Your quokka barely misses the orc wizard.
The orc wizard hits you but does no damage.
The orc wizard hits your quokka but does no damage.
Your crimson imp blinks!
Your quokka bites the orc.
The orc dies!
The orc wizard hits you but does no damage.
Your quokka closely misses the orc wizard.
Casting: Summon Small Mammal (safe; 1% risk of failure)
Confirm with . or Enter, or press ? or * to list all spells.
Your quokka bites the orc wizard.
The orc wizard closely misses you.
The orc wizard points at you and mumbles some strange words.
The puff of frost hits you!
Your quokka bites the orc wizard but does no damage.
Your quokka closely misses the orc wizard.
The orc wizard barely misses you.
Your quokka misses the orc wizard.
The orc wizard miscasts a cantrip.
Your bat closely misses the orc wizard.
The orc wizard hits you with a dagger of protection.
Your quokka barely misses the orc wizard.
The orc wizard casts a spell at you. The magic dart hits you!
* * * LOW HITPOINT WARNING * * *
Your quokka bites the orc wizard but does no damage.
Your quokka misses the orc wizard. You block the orc wizard's attack.
Your hound seems less confused.
Your bat closely misses the orc wizard.
The orc wizard points at you and mumbles some strange words.
You feel yourself slow down.
Your quokka bites the orc wizard.
Your quokka barely misses the orc wizard.
The orc wizard casts a spell at you. The puff of flame hits you!
* * * LOW HITPOINT WARNING * * *
Your quokka barely misses the orc wizard.
The orc wizard barely misses you.
Your bat barely misses the orc wizard.
Your bat hits the orc wizard but does no damage.
Your quokka bites the orc wizard.
The orc wizard barely misses your quokka.
The orc wizard completely misses you.
Your quokka bites the orc wizard.
The orc wizard barely misses your quokka.
Your hound bites the orc wizard.
The orc wizard barely misses you.
Your quokka barely misses the orc wizard.
The orc wizard closely misses your quokka.
Your quokka bites the orc wizard.
What are your orders? t - Ribbit!
Orders for allies: a - Attack new target. p - Attack previous target. r - Retreat! s - Stop attacking. g - Guard the area. f - Follow me.
Anything else - Cancel.
Okay, then.
Really read
g - a scroll of blinking {!r}?
Blink to where?
Press: ? - help, Dir - move target cursor, p - orc wizard You are very lightly contaminated with residual magic.
As you read the scroll of blinking {!r}, it crumbles to dust.
Your bat completely misses the orc wizard.
Your bat closely misses the orc wizard.
The orc wizard closely misses your hound.
Your quokka completely misses the orc wizard.
The orc wizard closely misses your quokka.
The orc wizard misses your hound.
Your quokka barely misses the orc wizard.
Your hound completely misses the orc wizard.
Your bat closely misses the orc wizard.
Your quokka bites the orc wizard.
The orc wizard hits your hound but does no damage.
Your quokka closely misses the orc wizard.
The orc wizard hits your quokka with a dagger.
The orc wizard hits your hound with a dagger of protection.
Your quokka misses the orc wizard.
Your hound barely misses the orc wizard.
Your bat hits the orc wizard but does no damage.
The orc wizard hits your hound with a dagger.
Your quokka closely misses the orc wizard.
The orc wizard casts a spell.
The orc wizard blinks!
Your hound barely misses the orc wizard.
Your quokka barely misses the orc wizard.
The orc wizard hits your hound with a dagger.
Your quokka bites the orc wizard but does no damage.
A magic dart appears from out of your range of vision.
The magic dart hits your crimson imp.
Your quokka completely misses the orc wizard.
Your hound barely misses the orc wizard.
The orc wizard points at you and mumbles some strange words.
The magic dart hits your hound.
Your hound dies!
Your hound's corpse disappears in a puff of smoke!
Your quokka closely misses the orc wizard.
There is a stone staircase leading up here.
Your bat hits the orc wizard but does no damage.
Your crimson imp blinks!
Your quokka barely misses the orc wizard.
Your bat hits the orc wizard. The orc wizard barely misses your bat.
Your quokka bites the orc wizard.
The orc wizard casts a spell at you. The magic dart hits you!
You die...

...###. #.#..#
.............. ....
[..###..####..# ..... ####
......... ......... #######
..#..# ........ ..... ..
..... .....># #.... ...##..
#...).## ...
.......###o...5.#### ..
#...@§r).......#
#####+###..............#
#.......#..+.ob)§......#
#.......###...§or.....$# #
#.......# #.....r......#
#.###.......####..+#.##.####
........................#
#.#########..####..#.####
..# ##.## #.....#


You could see 3 orc wizards, a friendly crimson imp, 3 friendly quokkas and a
friendly bat.

Vanquished Creatures
  A scorpion (D:4)
  An orc priest (D:3)
  An adder (Sewer)
  2 oozes
  A worm (D:2)
  2 dart slugs
  3 leopard geckos
  2 orcs (D:4)
  4 bats
  4 bat skeletons (D:3)
  A bat zombie (D:3)
  5 giant cockroaches
  9 goblins
  3 hobgoblins
  3 jackals (D:4)
  3 kobolds
  8 frilled lizards
  A leopard gecko skeleton (D:4)
  4 rats
58 creatures vanquished.

Vanquished Creatures (collateral kills)
  Purgy (Sewer)
  A bullfrog (D:4)
  A vampire bat (D:3)
  A bullfrog skeleton (D:4)
  A centaur skeleton (D:4)
  An orc priest (D:4)
  Jessica (D:2)
  Natasha (D:2)
  An iguana (D:4)
  4 adders
  2 worms
  A dart slug (D:3)
  2 leopard geckos (D:1)
  13 orcs
  2 ball pythons (D:2)
  3 bats (D:1)
  A bat zombie (D:3)
  3 giant cockroaches (D:4)
  4 goblins
  4 hobgoblins
  2 jackals (D:3)
  2 kobolds (D:1)
  3 frilled lizards (D:2)
  A quokka skeleton (D:4)
  A rat (D:1)
57 creatures vanquished.

Grand Total: 115 creatures vanquished

Notes
Turn   | Place    | Note
-------+----------+-------------------------------------------
     0 | D:1      | Mgcat the Barachi Summoner began the quest for the Orb.
     0 | D:1      | Reached XP level 1. HP: 13/13 MP: 3/3
   141 | D:1      | Reached skill level 5 in Summonings
   254 | D:1      | Reached XP level 2. HP: 16/19 MP: 0/5
   258 | D:1      | Learned a level 2 spell: Call Imp
  1058 | D:2      | HP: 3/19 [goblin/stone (5)]
  1060 | D:2      | Reached XP level 3. HP: 3/24 MP: 7/7
  1306 | D:2      | Reached skill level 3 in Spellcasting
  1457 | D:2      | Noticed Natasha
  1477 | D:2      | Killed Natasha
  1767 | D:2      | Found a blossoming altar of Fedhas.
  1792 | D:2      | Noticed Jessica
  1799 | D:2      | Killed Jessica
  1799 | D:2      | Reached XP level 4. HP: 30/30 MP: 2/9
  2405 | D:3      | Learned a level 3 spell: Call Canine Familiar
  2472 | D:3      | Reached skill level 6 in Summonings
  2554 | D:3      | HP: 4/30 [orc priest/divine providence (9)]
  2560 | D:3      | HP: 1/30 [goblin/dagger (2)]
  2941 | D:3      | Reached XP level 5. HP: 35/35 MP: 6/10
  3041 | D:3      | Reached skill level 4 in Spellcasting
  3512 | D:3      | Found an ancient bone altar of Kikubaaqudgha.
  4034 | D:4      | Found a glowing drain.
  4056 | Sewer    | Entered a sewer
  4068 | Sewer    | Noticed Purgy
  4088 | Sewer    | Killed Purgy
  4088 | Sewer    | Reached skill level 7 in Summonings
  4088 | Sewer    | Reached XP level 6. HP: 23/41 MP: 2/13
  4414 | D:4      | Reached skill level 5 in Spellcasting
  4463 | D:4      | Found a bloodstained altar of Trog.
  4517 | D:4      | Found a shimmering altar of Xom.
  4611 | D:4      | HP: 8/41 [iguana (3)]
  4822 | D:4      | HP: 6/41 [orc wizard/puff of flame (5)]
  4826 | D:4      | Killed from afar by an orc wizard

Vault maps used:
D:1:      lightli_arrival_statuegarden, hangedman_decor_diamond_cutter
D:2:      nicolae_overflow_hidden_temple, uniq_sigmund, uniq_natasha,
          uniq_jessica
D:3:      kennysheep_vampire_church
D:4:      lemuel_crystal_altar, old_standard_altar, enter_ossuary_1,
          gup_sewer_entry_pipe, first_ration
Sewer:    kennysheep_door_sewer

Skill      XL: |  1  2  3  4  5  6 |
---------------+-------------------+-----
Summonings     | 5 6 7 |  7.6
Spellcasting   | 3 4 5 |  5.3
Dodging        | |  2.1
Stealth        | |  1.7

Action                   |  1- 3 |  4- 6 || total
-------------------------+-------+-------++-------
Melee: Club              |    45 |       ||    45
       Unarmed           |     3 |       ||     3
       Dagger            |    27 |       ||    27
       Short sword       |       |   132 ||   132
Throw: Stone             |       |     1 ||     1
 Cast: Summon Small Mamm |    40 |    59 ||    99
       Call Imp          |     5 |    17 ||    22
       Call Canine Famil |       |    18 ||    18
  Use: Scroll            |       |     8 ||     8
 Stab: Sleeping          |     1 |     6 ||     7
       Distracted        |     1 |       ||     1
  Eat: Chunk             |     4 |    12 ||    16
Armor: Robe              |    28 |    42 ||    70
Dodge: Dodged            |    69 |   125 ||   194
Block: Other             |    10 |    22 ||    32
       Reflection        |     1 |       ||     1

Table legend:
 A = Spawn XP
 B = Non-spawn XP
 C = Spawn XP percentage of total XP
 D = Spawn monster count
 E = Non-spawn monster count
 F = Spawn count percentage of total count
 G = Total turns spent on level
                    A         B        C        D         E        F      G
               +---------+---------+-------+---------+---------+-------+---------
         Total |       0 |     595 |   0.0 |       0 |     115 |   0.0 |  4826
               +---------+---------+-------+---------+---------+-------+---------
           D:1 |       0 |      28 |   0.0 |       0 |      20 |   0.0 |  1021
           D:2 |       0 |      86 |   0.0 |       0 |      23 |   0.0 |  1379
           D:3 |       0 |     127 |   0.0 |       0 |      36 |   0.0 |  1394
           D:4 |       0 |     252 |   0.0 |       0 |      30 |   0.0 |   828
         Sewer |       0 |     102 |   0.0 |       0 |       6 |   0.0 |   204
               +---------+---------+-------+---------+---------+-------+---------

Vault maps used:
D:1:      lightli_arrival_statuegarden, hangedman_decor_diamond_cutter
D:2:      nicolae_overflow_hidden_temple, uniq_sigmund, uniq_natasha,
          uniq_jessica
D:3:      kennysheep_vampire_church
D:4:      lemuel_crystal_altar, old_standard_altar, enter_ossuary_1,
          gup_sewer_entry_pipe, first_ration
Sewer:    kennysheep_door_sewer

Table legend:
 A = Turns spent in this place as a percentage of turns spent in the entire game.
 B = Non-inter-level travel turns spent in this place as a percentage of non-inter-level travel turns spent in the entire game.
 C = Inter-level travel turns spent in this place as a percentage of turns spent in this place.
 D = Turns resting spent in this place as a percentage of non-inter-level travel turns spent in this place.
 E = Turns spent auto-exploring this place as a percentage of non-inter-level travel turns spent in this place.
 F = Non-inter-level travel turns spent in this place divided by the number of levels of this place that you've seen.
                   A       B       C       D       E      F
               +-------+-------+-------+-------+-------+----------------------
         Total | 100.0 | 100.0 |   2.9 |   0.0 |  69.6 | 937.6
       Dungeon |  95.8 |  95.6 |   3.0 |   0.0 |  72.8 | 1121.0
         Sewer |   4.2 |   4.4 |   0.0 |   0.0 |   0.0 | 204.0
               +-------+-------+-------+-------+-------+----------------------

Table legend:
 A = Kills in this place as a percentage of kills in entire the game.
 B = Kills by you in this place as a percentage of kills by you in the entire game.
 C = Kills by friends in this place as a percentage of kills by friends in the entire game.
 D = Other kills in this place as a percentage of other kills in the entire game.
 E = Experience gained in this place as a percentage of experience gained in the entire game.
 F = Experience gained in this place divided by the number of levels of this place that you have seen.
                   A       B       C       D       E      F
               +-------+-------+-------+-------+-------+----------------------
         Total | 100.0 | 100.0 | 100.0 |   N/A | 100.0 | 119.0
       Dungeon |  94.8 |  91.4 |  98.2 |   N/A |  82.9 | 123.2
         Sewer |   5.2 |   8.6 |   1.8 |   N/A |  17.1 | 102.0
               +-------+-------+-------+-------+-------+----------------------
